 Dungeon Crawl Stone Soup version 0.31-a0-986-g5e6e4ef867 (webtiles) character file.

Game seed: 2497495639273308534

4044 Jeffwins the Changeling (level 10, -13/71 HPs)
             Began as a Red Draconian Shapeshifter on Nov 24, 2023.
             Killed by the air
             ... invoked by a wind drake (shapeshifter)
              (17 damage)
             ... on level 8 of the Dungeon.
             The game lasted 00:13:39 (6869 turns).

Jeffwins the Changeling (DrSh)                      Turns: 6869, Time: 00:13:40

Health: -13/71     AC: 11    Str: 14 (16) XL:     10   Next: 4%
Magic:  23/23      EV: 12    Int: 12 (15) God:
Gold:   406        SH:  0    Dex:  8 (11) Spells: 6/15 levels left

rFire   + .          .
                       - Unarmed
rCold   . . .        h - melded +0 buckler
rNeg    . . .        (body armour unavailable)
rPois   .            (helmet restricted)
rElec   .            q - +0 cloak
rCorr   .            y - +0 pair of gloves
SInv    .            n - +1 pair of boots
Will    .....        g - amulet of regeneration
Stlth   +            W - ring of magical power
HPRegen 1.11/turn    (no ring)
MPRegen 0.18/turn

%: no passive effects
@: lethally poisoned (-13 -> -14), flux-form, attractive, slowed, glowing, very
slow
A: glow, contaminating, reduced hp, breathe fire, AC +7, unfitting armour, fire
resistance 1, cold-blooded, camouflage 1, inability to drink after injury 1,
inability to read after injury 1, MP-powered wands
a: Breathe Fire, Begin Untransformation


You were on level 8 of the Dungeon.
You were something dangerously unstable.
You visited 2 branches of the dungeon, and saw 9 of its levels.

You collected 516 gold pieces.
You spent 110 gold pieces at shops.


Innate Abilities, Weirdness & Mutations

You are something dangerously unstable.
You glow with magical radiation, making you easy to see and hit.
Foes you strike become dangerously contaminated with magical radiation.
Your maximum health is decreased, since you lack skill for your form.
You are incapable of wielding weapons or throwing items.
You can breathe blasts of fire.
Your fiery red scales are hard. (AC +7)
You cannot fit into any form of body armour.
Your flesh is heat resistant. (rF+)
You are cold-blooded and may be slowed by cold attacks.
Your skin changes colour to match your surroundings (Stealth+).
You occasionally lose the ability to drink potions when taking damage.
You occasionally lose the ability to read scrolls when taking damage.
You expend magic power (3 MP) to strengthen your wands.


   Skills:
 - Level 4.0 Fighting
 + Level 3.8 Dodging
 + Level 3.5 Stealth
 - Level 6.0 Unarmed Combat
 + Level 3.0 Spellcasting
 * Level 4.7 Hexes
 * Level 5.2 Summonings
 * Level 3.8 Ice Magic
 + Level 3.2 Evocations
 * Level 6.1 Shapeshifting


You had 6 spell levels left.
You knew the following spells:

 Your Spells              Type           Power      Damage    Failure   Level
x - Summon Mana Viper     Hex/Summ       13%        N/A       65%         5
z - Summon Ice Beast      Ice/Summ       12%        N/A       36%         4

Your spell library contained the following spells:

 Spells                   Type           Power      Damage    Failure   Level
 Lesser Beckoning         Tloc           2%         N/A       36%         2
 Gell's Gravitas          Tloc           1%         N/A       58%         3
 Teleport Other           Tloc           1%         N/A       58%         3
 Vhi's Electric Charge    Tloc/Air       2%         N/A       94%         4
 Arcjolt                  Conj/Air       0%         1d10      100%        5
 Plasma Beam              Fire/Air       0%         2x1d10    100%        6
 Monstrous Menagerie      Summ           7%         N/A       100%        7

Inventory:

Hand Weapons
 A - a +2 short sword of venom
Missiles
 o - 11 poisoned darts (quivered)
 s - 3 javelins
 B - a curare-tipped dart {=f}
Armour
 h - a +0 buckler (melded)
 n - a +1 pair of boots (worn)
 q - a +0 cloak (worn)
 y - a +0 pair of gloves (worn)
 J - an orb of guile
Jewellery
 g - an amulet of regeneration (around neck)
 C - a ring of ice
 W - a ring of magical power (left hand)
Talismans
 b - a beast talisman
 c - a flux talisman (active)
 F - a dragon-blood talisman
Wands
 f - a wand of paralysis (4)
 r - a wand of roots (10)
 I - a wand of quicksilver (15)
Scrolls
 d - a scroll of immolation {!r}
 i - 2 scrolls of amnesia
 k - 2 scrolls of noise {!r}
 m - 2 scrolls of revelation
 p - a scroll of enchant weapon
 u - a scroll of fog
 v - a scroll of teleportation {unknown}
 x - a scroll of vulnerability {!r}
 D - a scroll of poison {!r}
Potions
 a - 3 potions of lignification {!q}
 e - a potion of heal wounds {unknown}
 j - a potion of brilliance {unknown}
 l - a potion of mutation {!q}
 t - a potion of enlightenment {unknown}
 w - a potion of might {unknown}
 z - a potion of attraction {!q}
 E - a potion of curing {unknown}

Dungeon Overview and Level Annotations

Branches:
Dungeon (8/15)             Temple (1/1) D:4
   Lair: D:8-11

Altars:
Ashenzari
Cheibriados
Dithmenos
Elyvilon
Fedhas
Hepliaklqana
Kikubaaqudgha
Makhleb
Okawaru
Qazlal
Ru
Trog
Uskayaw
Vehumet
Wu Jian
Xom
Yredelemnul
Zin
The Shining One

Shops:
D:6 ([?

Annotations:
D:8 1 runed translucent door, Nudhul's ghost, novice MiBe

... ...... ... .....
###..##...# .....
.....#....###.....
..................
.......)†.........
....##KK##.......
#....kKy##.....#
.....###Kp...#.###
.....# #.....#...#
▒▒▒...##...$.....#
▒⌠▒▒.........##....
...▒▒.......## #.#
..!..▒▒......# .# #
.!♣?.⌠▒......#####.#[#
.....▒▒......##....#.#.
▒...▒▒.............≈)≈.


You could see a wind drake, a kobold brigand, a killer bee (contam) and 3
kobolds.


Message History

The kobold hits you but does no damage.
It was a potion of mutation.
You feel extremely strange.
You occasionally lose the ability to read scrolls when taking damage.
You feel your magical essence link to the dungeon's wands.
You occasionally lose the ability to drink potions when taking damage.
Your skin functions as natural camouflage.
You feel sick. The killer bee closely misses you. The killer bee misses you.
The kobold brigand hits you from afar with a +0 trident.
* * * LOW HITPOINT WARNING * * *
The kobold hits you but does no damage. The killer bee misses you.
The kobold brigand barely misses you.
Okay, then.
Okay, then.
Unknown command.
It was a potion of magic.
Magic courses through your body.
You feel sick. The killer bee barely misses you.
The killer bee stings you but does no damage.
The kobold hits you but does no damage.
A wind drake comes into view.
The killer bee closely misses you. The kobold brigand closely misses you.
The kobold hits you but does no damage.
It was a potion of degeneration.
There was something very wrong with that liquid.
You feel weakened.
You feel dopey.
You feel clumsy.
You feel sick.
The killer bee stings you but does no damage. x2
The kobold brigand closely misses you. The kobold hits you but does no damage.
The wind drake flaps its wings at you. The air twists around and strikes you!
You die...

Skill      XL: |  1  2  3  4  5  6  7  8  9 10 |
---------------+-------------------------------+-----
Dodging        | 2 3 |  3.8
Stealth        | 1 2 3 |  3.5
Fighting       | 2 3 4 |  4.0
Summonings     | 1 2 3 4 5 |  5.2
Hexes          | 1 2 3 4 |  4.7
Spellcasting   | 1 2 3 |  3.0
Unarmed Combat | 4 5 6 |  6.0
Evocations     | 1 2 3 |  3.2
Shapeshifting  | 4 5 6 |  6.1
Ice Magic      | 1 2 3 |  3.8

Action                     |  1- 3 |  4- 6 |  7- 9 | 10-12 || total
---------------------------+-------+-------+-------+-------++-------
  Melee: Unarmed           |   108 |   212 |   231 |     6 ||   557
         Tailslap          |    13 |    27 |    40 |       ||    80
  Throw: Dart              |       |     3 |       |       ||     3
Ability: Breathe Fire      |       |       |    20 |     1 ||    21
  Evoke: Wand              |       |       |     4 |     2 ||     6
    Use: Scroll            |       |       |     7 |       ||     7
         Potion            |       |       |       |     4 ||     4
   Stab: Sleeping          |     1 |     1 |     1 |       ||     3
         Paralysed         |       |       |     9 |       ||     9
 Armour: Skin              |    50 |   136 |   165 |    25 ||   376
  Dodge: Dodged            |    55 |   101 |   135 |    39 ||   330
  Block: Buckler           |       |    22 |     5 |       ||    27
   Form: Flux              |     1 |       |     1 |       ||     2
         Beast             |       |     1 |       |       ||     1

Levels and vault maps discovered:
D:1:      dpeg_arrival_oval, layout_basic, minmay_tetromino_s4
D:2:      layout_basic, hellmonk_ecumenical_altar_watching_god
D:3:      layout_basic, skrybe_limestone_x, chequers_serial_rivers_small_b,
          uniq_natasha
D:4:      kb_forest_paths, layout_layer_cave, dancing_weapons_uskayaw,
          serial_bayou_lagoon_a
D:5:      minmay_evil_eye, layout_loops_ring
D:6:      layout_basic, mainiacjoe_overflow_swirl, serial_shops, shop, shop,
          shop
D:7:      layout_basic, uniq_menkaure, uniq_joseph, uniq_maggie
D:8:      layout_cave_pools, lightli_temple_of_fire,
          mainiacjoe_overflow_six_doors_small, hellmonk_ghost_happy_afterlife,
          kb_lookout_dungeons_type, st_stairs_8, uniq_jeremiah
Temple:   nicolae_temple_bog_church

Notes
Turn   | Place    | Note
-------+----------+-------------------------------------------
     0 | D:1      | Jeffwins the Draconian Shapeshifter began the quest for the
                  | Orb.
     0 | D:1      | Reached XP level 1. HP: 16/16 MP: 1/1
   139 | D:1      | Reached XP level 2. HP: 19/23 MP: 2/2
   702 | D:2      | Reached skill level 2 in Dodging
   729 | D:2      | Reached XP level 3. HP: 17/28 MP: 3/3
  1151 | D:2      | Noticed an eye of devastation
  1152 | D:2      | Found a faded altar of an unknown god.
  1157 | D:2      | Noticed a golden eye
  1158 | D:2      | Noticed a great orb of eyes
  1158 | D:2      | Noticed an eye of devastation
  1636 | D:3      | Reached skill level 1 in Stealth
  1636 | D:3      | Reached XP level 4. HP: 23/36 MP: 4/4
  1721 | D:3      | Reached skill level 2 in Fighting
  1938 | D:3      | Noticed Natasha
  1946 | D:3      | Killed Natasha
  1947 | D:3      | Reached skill level 1 in Summonings
  1965 | D:3      | Paralysed by a hobgoblin for 2 turns
  2121 | D:3      | Noticed Natasha
  2171 | D:3      | Killed Natasha
  2172 | D:3      | Reached XP level 5. HP: 34/41 MP: 6/6
  2231 | D:3      | Noticed Natasha
  2242 | D:3      | Killed Natasha
  2243 | D:3      | Reached skill level 1 in Hexes
  2330 | D:2      | Reached skill level 1 in Spellcasting
  2471 | D:4      | Reached XP level 6. HP: 32/49 MP: 7/7
  2674 | D:4      | Reached skill level 4 in Unarmed Combat
  2686 | D:4      | Learned a level 4 spell: Summon Ice Beast
  3127 | D:4      | Reached skill level 2 in Summonings
  3291 | D:4      | Found a staircase to the Ecumenical Temple.
  3299 | Temple   | Entered the Ecumenical Temple
  3309 | D:4      | Noticed a +0 hand axe
  3309 | D:4      | Noticed a +0 dagger
  3341 | D:4      | Found a hide-covered altar of Uskayaw.
  3893 | D:5      | Entered Level 5 of the Dungeon
  3954 | D:5      | Reached skill level 1 in Evocations
  3954 | D:5      | Reached skill level 4 in Shapeshifting
  4009 | D:5      | Reached skill level 1 in Ice Magic
  4027 | D:5      | Reached skill level 2 in Hexes
  4027 | D:5      | Your scales start taking on a fiery red colour.
  4027 | D:5      | Reached XP level 7. HP: 29/56 MP: 8/8
  4027 | D:5      | Gained mutation: Your flesh is heat resistant. (rF+) [Red
                  | Draconian growth]
  4135 | D:5      | Reached skill level 2 in Stealth
  4292 | D:5      | Reached skill level 3 in Fighting
  4292 | D:5      | Reached skill level 3 in Summonings
  4295 | D:5      | Reached XP level 8. HP: 46/63 MP: 10/10
  4691 | D:5      | Reached skill level 2 in Ice Magic
  4706 | D:5      | Reached skill level 3 in Hexes
  4935 | D:6      | Found Ylatakoy's Weapon Emporium.
  5035 | D:6      | Reached skill level 3 in Dodging
  5035 | D:6      | Reached skill level 5 in Unarmed Combat
  5035 | D:6      | Reached skill level 2 in Evocations
  5140 | D:6      | Found a hazy altar of Hepliaklqana.
  5149 | D:6      | Found a blossoming altar of Fedhas.
  5208 | D:6      | Reached skill level 2 in Spellcasting
  5359 | D:6      | Reached skill level 5 in Shapeshifting
  5364 | D:6      | Found Tecsim's Magic Scroll Shop.
  5370 | D:6      | Found Fuahil's Armour Boutique.
  5372 | D:6      | Bought a scroll of poison for 44 gold pieces
  5372 | D:6      | Bought a scroll of identify for 22 gold pieces
  5372 | D:6      | Bought a scroll of identify for 22 gold pieces
  5372 | D:6      | Bought a scroll of identify for 22 gold pieces
  5821 | D:7      | Learned a level 5 spell: Summon Mana Viper
  5995 | D:7      | Noticed Maggie
  6009 | D:7      | Killed Maggie
  6010 | D:7      | Reached skill level 4 in Summonings
  6055 | D:7      | Reached XP level 9. HP: 57/70 MP: 12/12
  6071 | D:7      | Noticed Joseph
  6093 | D:7      | Killed Joseph
  6094 | D:7      | Reached skill level 3 in Ice Magic
  6507 | D:7      | Noticed Menkaure
  6510 | D:7      | Killed Menkaure
  6511 | D:7      | Reached skill level 3 in Stealth
  6511 | D:7      | Reached skill level 4 in Hexes
  6666 | D:8      | Found a runed translucent door.
  6722 | D:8      | Reached skill level 6 in Unarmed Combat
  6731 | D:8      | Found a bloodstained altar of Trog.
  6747 | D:8      | Noticed Jeremiah
  6748 | D:8      | Noticed a manticore
  6751 | D:8      | Killed Jeremiah
  6752 | D:8      | Reached skill level 4 in Fighting
  6760 | D:8      | Killed a manticore
  6761 | D:8      | Reached skill level 5 in Summonings
  6761 | D:8      | Reached skill level 3 in Evocations
  6761 | D:8      | Reached skill level 6 in Shapeshifting
  6819 | D:8      | Noticed Nudhul's ghost (novice MiBe)
  6836 | D:8      | Reached XP level 10. HP: 69/78 MP: 14/14
  6859 | D:8      | Reached skill level 3 in Spellcasting
  6867 | D:8      | Gained mutation: You occasionally lose the ability to read
                  | scrolls when taking damage. [potion of mutation]
  6867 | D:8      | Gained mutation: You expend magic power (3 MP) to
                  | strengthen your wands. [potion of mutation]
  6867 | D:8      | Gained mutation: You occasionally lose the ability to drink
                  | potions when taking damage. [potion of mutation]
  6867 | D:8      | Gained mutation: Your skin changes colour to match your
                  | surroundings (Stealth+). [potion of mutation]
  6867 | D:8      | HP: 3/71 [kobold brigand/+0 trident (6)]
  6869 | D:8      | Killed from afar by a wind drake (shapeshifter)

Vanquished Creatures
  A manticore (D:8)
  Joseph (D:7)
  Maggie (D:7)
  Jeremiah (D:8)
  A wyvern (D:8)
  Menkaure (D:7)
  A steam dragon (D:8)
  3 sky beasts
  2 black bears
  2 ogres
  2 centaurs (D:8)
  2 phantoms (D:5)
  A kobold brigand (D:5)
  A bullfrog (D:6)
  A gnoll sergeant (D:5)
  4 scorpions
  4 wights (D:7)
  4 killer bees (D:8)
  3 howler monkeys
  2 hounds
  An orc priest (D:3)
  A gnoll bouda (D:5)
  Natasha (thrice) (D:3)
  2 iguanas (D:5)
  2 sleepcaps
  3 orc wizards
  5 gnolls (D:5)
  6 adders
  A shadow imp (D:5)
  2 ufetubi (D:5)
  2 worms (D:2)
  24 orcs
  15 endoplasms
  6 giant cockroaches
  5 goblins
  5 hobgoblins
  A jackal (D:4)
  5 quokkas
  8 ball pythons
  4 bats
  4 frilled lizards
  12 kobolds
  4 rats
159 creatures vanquished.

Table legend: (Time is in decaauts)
 A = Elapsed time spent in this place.
 B = Non-inter-level travel time spent in this place.
 C = Inter-level travel time spent in this place.
 D = Time resting spent in this place.
 E = Time spent auto-exploring this place.
 F = Levels seen in this place.
 G = Mean time per level.
                   A        B        C        D        E       F      G
               +--------+--------+--------+--------+--------+-----+--------+
         Total |   6875 |   6699 |    176 |    164 |   5247 |   9 |  763.9 |
       Dungeon |   6873 |   6697 |    176 |    164 |   5247 |   8 |  859.1 |
        Temple |      1 |      1 |      0 |      0 |      0 |   1 |    1.0 |
               +--------+--------+--------+--------+--------+-----+--------+

Top non-repeatable levels by time:
     D:4: 1438 daAuts
     D:2: 1063 daAuts
     D:6: 1021 daAuts
     D:5: 884 daAuts
     D:7: 847 daAuts
     D:3: 822 daAuts
     D:1: 592 daAuts
     D:8: 203 daAuts
  Temple: 1 daAuts

Table legend:
 A = Non-vault XP
 B = Vault XP
 C = Vault XP percentage of total XP
 D = Non-vault monster count
 E = Vault monster count
 F = Vault count percentage of total count
                 A         B        C        D         E       F
            +---------+---------+-------+---------+---------+-------
      Total |    3895 |    1883 |  32.6 |     142 |      17 |  10.7
            +---------+---------+-------+---------+---------+-------
        D:1 |      27 |       2 |   6.9 |      18 |       1 |   5.3
        D:2 |      89 |       0 |   0.0 |      22 |       0 |   0.0
        D:3 |     183 |      37 |  16.8 |      28 |       1 |   3.4
        D:4 |     199 |       9 |   4.3 |      13 |       6 |  31.6
        D:5 |     852 |     372 |  30.4 |      23 |       4 |  14.8
        D:6 |     559 |       0 |   0.0 |      13 |       0 |   0.0
        D:7 |     521 |     974 |  65.2 |       7 |       3 |  30.0
        D:8 |    1465 |     489 |  25.0 |      18 |       2 |  10.0
            +---------+---------+-------+---------+---------+-------
